 Dungeon Crawl Stone Soup version 0.20.0-6-gd3061e9 (webtiles) character file.

205 George the Slasher (level 5, 0/41 HPs)
             Began as a Demonspawn Fighter on May 28, 2017.
             Slain by a sky beast (5 damage)
             ... on level 4 of the Dungeon.
             The game lasted 00:04:01 (2899 turns).

George the Slasher (Demonspawn Fighter)             Turns: 2899, Time: 00:04:02

Health: 0/41       AC:  6    Str: 18    XL:     5   Next: 52%
Magic:  5/5        EV:  7    Int:  9    God:
Gold:   111        SH:  8    Dex: 12    Spells: 4/4 levels left

rFire    . . .     SeeInvis .   a - +1 falchion (slice)
rCold    . . .     Gourm    .   c - +0 shield
rNeg     . . .     Faith    .   b - +0 scale mail
rPois    .         Spirit   .   (helmet restricted)
rElec    .         Reflect  .   (no cloak)
rCorr    .         Harm     .   (no gloves)
MR       .....                  (no boots)
Stlth    ..........             (no amulet)
Regen    0.2/turn               (no ring)
MPRegen  0.1/turn               (no ring)

@: no status effects
A: horns 1, powered by pain 1
a: no special abilities


You were on level 4 of the Dungeon.
You were not hungry.

You visited 1 branch of the dungeon, and saw 4 of its levels.

You collected 111 gold pieces.

Inventory:

Hand Weapons
 a - a +1 falchion of slicing (weapon)
Armour
 b - a +0 scale mail (worn)
 c - a +0 shield (worn)
Scrolls
 e - 3 scrolls of teleportation {unknown}
 h - a scroll of enchant armour {unknown}
 i - a scroll of blinking {unknown}
 j - a scroll of amnesia {unknown}
 k - a scroll of magic mapping {unknown}
 n - a scroll of immolation {unknown}
 s - a scroll of enchant weapon {unknown}
 t - a scroll of remove curse {unknown}
 v - a scroll of identify {unknown}
Potions
 d - a potion of might
 l - 2 potions of curing {unknown}
 o - a potion of lignification {unknown}
 q - a potion of resistance {unknown}
 r - 2 potions of flight {unknown}
 u - a potion of mutation {unknown}
Comestibles
 f - 5 bread rations
 g - 2 fruits
 m - 2 meat rations
 p - a royal jelly
 w - a chunk of flesh


   Skills:
 - Level 3.0 Fighting
 + Level 5.3 Long Blades
 - Level 2.6 Armour
 - Level 2.6 Shields


You had 4 spell levels left.
You didn't know any spells.

Dungeon Overview and Level Annotations

Branches:
Dungeon (4/15)
 Temple: D:4-7

Altars:
Elyvilon
Okawaru
Sif Muna


Innate Abilities, Weirdness & Mutations

You have a pair of small horns on your head.
You sometimes gain a little power by taking damage.


Message History

Your shield and scale mail prevent you from hitting something.
Your headbutt misses something. Something hits you but does no damage.
Your scale mail prevents you from hitting something.
Your headbutt misses something. Something hits you but does no damage.
You closely miss something. You headbutt something.
A sky beast appears from thin air!
Reactivating autopickup.
The sky beast hits you but does no damage.
Unknown command.
The sky beast flickers out of sight!
Deactivating autopickup; reactivate with Ctrl-A.
A sky beast appears from thin air!
Reactivating autopickup.
There is a stone staircase leading up here.
The sky beast flickers out of sight!
Deactivating autopickup; reactivate with Ctrl-A.
Something hits you.
* * * LOW HITPOINT WARNING * * *
Something shocks you.
You die...

###### ....# ....#
#.##########.#.#
..#..@..#(.....#
#.#.###.#.##.# ..
#.#.##<{.....# .
#.#####.#.###.#....)....+
.#..#......#...###########
. ...#.##.#...#####
.######...#..........#
......##..#..#....(..#
....#.##..#..........#


There were no monsters in sight!

Vanquished Creatures
  A howler monkey (D:4)
  A worker ant (D:4)
  Robin (D:2)
  3 adders
  5 worms
  2 dart slugs
  3 leopard geckos
  An orc (D:3)
  4 bats
  6 giant cockroaches
  16 goblins
  8 hobgoblins
  6 jackals
  A quokka (D:2)
  2 frilled lizards
  10 kobolds
  12 rats
82 creatures vanquished.

Notes
Turn   | Place    | Note
-------+----------+-------------------------------------------
     0 | D:1      | George the Demonspawn Fighter began the quest for the Orb.
     0 | D:1      | Reached XP level 1. HP: 18/18 MP: 1/1
    33 | D:1      | Reached skill level 2 in Long Blades
   117 | D:1      | Gained mutation: You have a pair of small horns on your head. [demonic ancestry]
   117 | D:1      | Reached XP level 2. HP: 24/24 MP: 2/2
   367 | D:1      | Reached skill level 3 in Long Blades
   648 | D:2      | Reached XP level 3. HP: 24/29 MP: 3/3
  1031 | D:2      | Noticed Robin
  1200 | D:2      | Found an iron altar of Okawaru.
  1247 | D:2      | Killed Robin
  1247 | D:2      | Gained mutation: You sometimes gain a little power by taking damage. [demonic ancestry]
  1247 | D:2      | Reached XP level 4. HP: 35/35 MP: 4/4
  1252 | D:2      | Reached skill level 4 in Long Blades
  1492 | D:2      | Found a deep blue altar of Sif Muna.
  1754 | D:3      | Found a white marble altar of Elyvilon.
  2675 | D:4      | Reached XP level 5. HP: 18/41 MP: 5/5
  2856 | D:4      | Reached skill level 5 in Long Blades
  2863 | D:4      | Noticed a sky beast
  2899 | D:4      | Slain by a sky beast

Skill      XL: |  1  2  3  4  5 |
---------------+----------------+-----
Long Blades    | 2 3 4 5 |  5.3
Fighting       | |  3.0
Armour         | |  2.6
Shields        | |  2.6

Action                   |  1- 3 |  4- 6 || total
-------------------------+-------+-------++-------
Melee: Long sword        |   125 |       ||   125
       Headbutt          |    15 |    19 ||    34
       Falchion          |     3 |   125 ||   128
  Eat: Chunk             |     1 |     6 ||     7
Armor: Scale mail        |    89 |    53 ||   142
Dodge: Dodged            |    45 |    20 ||    65
Block: Shield            |    76 |    43 ||   119
       Rpst.: Long sword |    14 |       ||    14
       Falchion          |       |     8 ||     8
